 Dungeon Crawl Stone Soup version 0.25-a0-589-g1e14c549ee (webtiles) character file.

Game seed: 4999125877764793877, levelgen mode: deterministic

70 Kohma the Shield-Bearer (level 4, -1/40 HPs)
             Began as a Draconian Fighter on Mar 10, 2020.
             Killed from afar by a white imp (8 damage)
             ... with a puff of frost
             ... summoned by Natasha
             ... on level 2 of the Dungeon.
             The game lasted 00:04:02 (1801 turns).

Kohma the Shield-Bearer (Draconian Fighter)         Turns: 1801, Time: 00:04:03

Health: -1/40      AC:  5    Str: 19    XL:     4   Next: 4%
Magic:  4/4        EV: 10    Int:  9    God:
Gold:   12         SH:  9    Dex: 10    Spells: 3/3 levels left

rFire    . . .     SeeInvis .     - Unarmed
rCold    . . .     Gourm    .   a - +0 kite shield
rNeg     . . .     Faith    .   (armour unavailable)
rPois    .         Spirit   .   (helmet restricted)
rElec    .         Reflect  .   (no cloak)
rCorr    .         Harm     .   (no gloves)
MR       .....                  (no boots)
Stlth    +.........             (no amulet)
HPRegen  0.13/turn              (no ring)
MPRegen  0.09/turn              (no ring)

@: no status effects
A: unfitting armour, cold-blooded, AC +5
a: no special abilities


You were on level 2 of the Dungeon.
You were not hungry.

You visited 1 branch of the dungeon, and saw 2 of its levels.

You collected 12 gold pieces.

Inventory:

Missiles
 g - 6 boomerangs (quivered)
Armour
 a - a +0 kite shield (worn)
Jewellery
 m - a cursed ring of teleportation {unknown}
 n - a +4 ring of evasion {unknown}
 p - an uncursed ring of magical power {unknown}
Scrolls
 e - 4 scrolls of identify {unknown}
 f - 2 scrolls of immolation {unknown}
 h - a scroll of remove curse {unknown}
 i - a scroll of random uselessness {unknown}
 j - a scroll of fear {unknown}
 l - 2 scrolls of teleportation {unknown}
 q - a scroll of magic mapping {unknown}
Potions
 b - a potion of might
 d - a potion of heal wounds {unknown}
 k - a potion of ambrosia {unknown}
Comestibles
 c - 3 rations


   Skills:
 + Level 3.7 Fighting
 - Level 3.0 Dodging
 * Level 3.8 Shields
 * Level 3.0 Unarmed Combat


You had 3 spell levels left.
You didn't know any spells.
Your spell library was empty.

Dungeon Overview and Level Annotations

Branches:
Dungeon (2/15)

Altars:

Annotations:
D:2 Natasha


Innate Abilities, Weirdness & Mutations

Your plain brown scales are hard. (AC +5)
You cannot fit into any form of body armour.
You are cold-blooded and may be slowed by cold attacks.


Message History

You closely miss something.
You hear some strange, mumbled words.
You completely miss something. Something claws you.
You block the shadow imp's attack.
You miss something.
You hear some strange, mumbled words.
You miss something. You block the shadow imp's attack. Something claws you!
The shadow imp hits you.
You closely miss something. You block something's attack.
The shadow imp completely misses you.
You closely miss something.
You hear some strange, mumbled words.
A magic dart appears from out of thin air!
The magic dart hits you! The white imp barely misses you.
You block the shadow imp's attack.
You hit something. Something claws you!
* * * LOW HITPOINT WARNING * * *
The white imp gestures at you. The puff of frost hits you!
You die...

##..... .....# #...#
.....# #...# .....###
#...####### .......#
#.........# .......####
##.........# ..####..#.#
#..........# #.# ##...#
#....5....>#
#.#####..####...@{.....#
#....#...###..#.#5.....#
#.........##.##.#......#
...........#.##.#..#####
......<......##...##
............###..##
#.............##.#
##...#...#.##.##.##
#########..##..#..##


You could see a white imp and a shadow imp.

Vanquished Creatures
  A shadow imp (D:2)
  An ooze (D:1)
  5 dart slugs (D:1)
  A leopard gecko (D:2)
  4 bats (D:1)
  4 giant cockroaches
  8 goblins
  6 hobgoblins (D:1)
  2 jackals (D:1)
  7 kobolds
  A quokka (D:2)
  A rat (D:2)
41 creatures vanquished.

Notes
Turn   | Place    | Note
-------+----------+-------------------------------------------
     0 | D:1      | Kohma the Draconian Fighter began the quest for the Orb.
     0 | D:1      | Reached XP level 1. HP: 19/19 MP: 1/1
   101 | D:1      | Reached XP level 2. HP: 22/26 MP: 2/2
   722 | D:1      | Reached XP level 3. HP: 25/31 MP: 3/3
  1546 | D:2      | Reached XP level 4. HP: 27/40 MP: 4/4
  1790 | D:2      | Noticed Natasha
  1801 | D:2      | Killed from afar by a white imp

Levels and vault maps discovered:
D:1:      noname_arrival_rooms_in_the_neighbourhood, layout_loops_ring,
          minmay_unequal
D:2:      layout_rooms, chequers_arboretum, kennysheep_slug_shrine, uniq_natasha

Skill      XL: |  1  2  3  4 |
---------------+-------------+-----
Dodging        | 3 |  3.0
Unarmed Combat | 3 |  3.0
Fighting       | |  3.7
Shields        | |  3.8

Action                   |  1- 3 |  4- 6 || total
-------------------------+-------+-------++-------
Melee: Unarmed           |   137 |    12 ||   149
       Tailslap          |    13 |       ||    13
 Stab: Sleeping          |     2 |       ||     2
  Eat: Chunk             |     2 |     1 ||     3
Armor: Skin              |    43 |       ||    43
Dodge: Dodged            |    56 |     4 ||    60
Block: Kite shield       |    75 |     7 ||    82

Table legend:
 A = Non-vault XP
 B = Vault XP
 C = Vault XP percentage of total XP
 D = Non-vault monster count
 E = Vault monster count
 F = Vault count percentage of total count
                 A         B        C        D         E       F
            +---------+---------+-------+---------+---------+-------
      Total |      95 |       6 |   5.9 |      38 |       3 |   7.3
            +---------+---------+-------+---------+---------+-------
        D:1 |      64 |       6 |   8.6 |      27 |       3 |  10.0
        D:2 |      31 |       0 |   0.0 |      11 |       0 |   0.0
            +---------+---------+-------+---------+---------+-------
